SAAA
ALLOWAY HALBERDS @ ATHLETIC CLUB KC RESERVES
07/05/2029
 
TOP OF THE 1ST
Alloway Halberds batting - Pitching for Athletic Club KC Reserves : RHP Jeremy G. Wentworth
Pitching: RHP Jeremy G. Wentworth
Batting: LHB Juan Caro 0-0: Called Strike
0-1: SINGLE (Groundball, 34D)
Batting: RHB Octávio Beltzán 0-0: Ball
1-0: Swinging Strike
1-1: Ball
2-1: Ball
3-1: Grounds into double play, 4-6-3 (Groundball, 34)
Batting: LHB José Zarate 0-0: Swinging Strike
0-1: Ball
1-1: Fly out, F7 (Flyball, 7S)
Top of the 1st over - 0 runs, 1 hit, 0 errors, 0 left on base; Alloway 0 - Athletic Club KC 0
BOTTOM OF THE 1ST
Athletic Club KC Reserves batting - Pitching for Alloway Halberds : RHP António Marés
Pitching: RHP António Marés
Batting: RHB Tony Osorio 0-0: Called Strike
0-1: Ground out 1-3 (Groundball, 15)
Batting: LHB Wu-shun Chu 0-0: Called Strike
0-1: SINGLE (Line Drive, 89S)
Batting: RHB Filip Huigen 0-0: Ball
1-0: Fly out, F8 (Flyball, 89XD)
Batting: LHB Tsai Ng 0-0: Called Strike
0-1: Swinging Strike
0-2: Ball
1-2: Foul Ball, location: 2F
1-2: Ground out 4-3 (Groundball, 4M)
Bottom of the 1st over - 0 runs, 1 hit, 0 errors, 1 left on base; Alloway 0 - Athletic Club KC 0
TOP OF THE 2ND
Alloway Halberds batting - Pitching for Athletic Club KC Reserves : RHP Jeremy G. Wentworth
Batting: RHB Jarred Morgan 0-0: Called Strike
0-1: Called Strike
0-2: Ball
1-2: SINGLE (Groundball, 56D)
Batting: RHB Vito Middendorf 0-0: Ball
1-0: Ball
2-0: Foul Ball, location: 2F
2-1: Fly out, F8 (Line Drive, 8LM)
Batting: RHB Carlos De Jesús 0-0: Foul Ball, location: 2F
0-1: Foul Ball, location: 2F
0-2: Ball
1-2: Grounds into double play, 5-4-3 (Groundball, 56)
Top of the 2nd over - 0 runs, 1 hit, 0 errors, 0 left on base; Alloway 0 - Athletic Club KC 0
BOTTOM OF THE 2ND
Athletic Club KC Reserves batting - Pitching for Alloway Halberds : RHP António Marés
Batting: RHB Andrés Medina 0-0: Called Strike
0-1: SINGLE (Flyball, 9LS)
Batting: RHB Dani Reyes 0-0: Ball
1-0: Ball
2-0: Ball
3-0: Called Strike
3-1: Grounds into double play, 1-6-3 (Groundball, P)
Batting: RHB Allen Williams 0-0: Ball
1-0: Called Strike
1-1: Ball
2-1: Ball
3-1: Swinging Strike
3-2: Base on Balls
Batting: RHB Geoff Rivers 0-0: Called Strike
0-1: Ball
1-1: Ball
2-1: Ball
3-1: Base on Balls
Allen Williams to second
Batting: RHB Tasuku Goto 0-0: Ground out U3 (Groundball, 3S)
Bottom of the 2nd over - 0 runs, 1 hit, 0 errors, 2 left on base; Alloway 0 - Athletic Club KC 0
TOP OF THE 3RD
Alloway Halberds batting - Pitching for Athletic Club KC Reserves : RHP Jeremy G. Wentworth
Batting: RHB Jordan Hollins 0-0: Ball
1-0: Ball
2-0: Swinging Strike
2-1: Ball
3-1: Swinging Strike
3-2: Foul Ball, location: 2F
3-2: Foul Ball, location: 2F
3-2: Base on Balls
Batting: RHB Juan Salinas 0-0: Ball
Jordan Hollins is caught stealing 2nd base
1-0: Ball
2-0: Called Strike
2-1: Foul Ball, location: 2F
2-2: Foul Ball, location: 2F
2-2: Foul Ball, location: 2F
2-2: Fly out, F4 (Popup, 4M)
Batting: LHB Ricardo Ríos 0-0: Called Strike
0-1: Ball
1-1: Swinging Strike
1-2: Strikes out swinging
Top of the 3rd over - 0 runs, 0 hits, 0 errors, 0 left on base; Alloway 0 - Athletic Club KC 0
BOTTOM OF THE 3RD
Athletic Club KC Reserves batting - Pitching for Alloway Halberds : RHP António Marés
Batting: RHB Tony Osorio 0-0: Ball
1-0: Called Strike
1-1: Fly out, F7 (Flyball, 7LM)
Batting: LHB Wu-shun Chu 0-0: Fly out, F9 (Flyball, 9LSF)
Batting: RHB Filip Huigen 0-0: Called Strike
0-1: Ball
1-1: Called Strike
1-2: Foul Ball, location: 2F
1-2: Ball
2-2: Ball
3-2: Strikes out swinging
Bottom of the 3rd over - 0 runs, 0 hits, 0 errors, 0 left on base; Alloway 0 - Athletic Club KC 0
TOP OF THE 4TH
Alloway Halberds batting - Pitching for Athletic Club KC Reserves : RHP Jeremy G. Wentworth
Batting: LHB Juan Caro 0-0: Ball
1-0: SINGLE (Line Drive, 78S)
Batting: RHB Octávio Beltzán 0-0: Called Strike
0-1: Swinging Strike
0-2: Strikes out swinging
Batting: LHB José Zarate 0-0: Ground out U3 (Groundball, 34S)
Juan Caro to second
Batting: RHB Jarred Morgan 0-0: Swinging Strike
0-1: Foul Ball, location: 2F
0-2: Strikes out looking
Top of the 4th over - 0 runs, 1 hit, 0 errors, 1 left on base; Alloway 0 - Athletic Club KC 0
BOTTOM OF THE 4TH
Athletic Club KC Reserves batting - Pitching for Alloway Halberds : RHP António Marés
Batting: LHB Tsai Ng 0-0: Called Strike
0-1: Called Strike
0-2: Strikes out swinging
Batting: RHB Andrés Medina 0-0: Ball
1-0: Ball
2-0: Called Strike
2-1: SINGLE (Flyball, 7S)
Batting: RHB Dani Reyes 0-0: Grounds into double play, 5-4-3 (Groundball, 5)
Bottom of the 4th over - 0 runs, 1 hit, 0 errors, 0 left on base; Alloway 0 - Athletic Club KC 0
TOP OF THE 5TH
Alloway Halberds batting - Pitching for Athletic Club KC Reserves : RHP Jeremy G. Wentworth
Batting: RHB Vito Middendorf 0-0: SINGLE (Line Drive, 8LS)
Batting: RHB Carlos De Jesús 0-0: Ball
1-0: Ball
2-0: Foul Ball, location: 2F
2-1: Ball
Vito Middendorf steals 2nd base
3-1: Intentional Walk
Batting: RHB Jordan Hollins 0-0: Bunted foul
0-1: Sac Bunt - play at first, batter OUT! 2-4
Vito Middendorf to third
Carlos De Jesús to second
Batting: RHB Juan Salinas 0-0: Ball
1-0: Fly out, F9 (Flyball, 9S)
Runner from 3rd tags up, SCORES, throw made
Batting: LHB Ricardo Ríos 0-0: Foul Ball, location: 2F
0-1: Ball
1-1: Ball
2-1: Ball
3-1: Called Strike
3-2: Ground out 4-3 (Groundball, 4M)
Top of the 5th over - 1 run, 1 hit, 0 errors, 1 left on base; Alloway 1 - Athletic Club KC 0
BOTTOM OF THE 5TH
Athletic Club KC Reserves batting - Pitching for Alloway Halberds : RHP António Marés
Batting: RHB Allen Williams 0-0: Called Strike
0-1: Ball
1-1: Foul Ball, location: 2F
1-2: SINGLE (Line Drive, 56)
Batting: RHB Geoff Rivers 0-0: Foul Ball, location: 2F
0-1: Called Strike
0-2: Strikes out swinging
Batting: RHB Tasuku Goto 0-0: Ball
1-0: Called Strike
1-1: Called Strike
1-2: Ball
2-2: Foul Ball, location: 2F
2-2: Strikes out swinging
Batting: RHB Tony Osorio 0-0: Ball
1-0: Ball
2-0: Called Strike
2-1: Ball
3-1: Base on Balls
Allen Williams to second
Batting: LHB Wu-shun Chu 0-0: 3-RUN HOME RUN (Flyball, 89XD), Distance : 366 ft
Batting: RHB Filip Huigen 0-0: Swinging Strike
0-1: Ball
1-1: Ground out 4-3 (Groundball, 4)
Bottom of the 5th over - 3 runs, 2 hits, 0 errors, 0 left on base; Alloway 1 - Athletic Club KC 3
TOP OF THE 6TH
Alloway Halberds batting - Pitching for Athletic Club KC Reserves : RHP Jeremy G. Wentworth
Batting: LHB Juan Caro 0-0: Called Strike
0-1: SINGLE (Line Drive, 34)
Batting: RHB Octávio Beltzán 0-0: Ball
1-0: Ball
2-0: Fly out, F6 (Line Drive, 6M)
Batting: LHB José Zarate 0-0: Called Strike
Juan Caro steals 2nd base
0-1: Swinging Strike
0-2: Ball
1-2: Strikes out swinging
Batting: RHB Jarred Morgan 0-0: Ball
1-0: 2-RUN HOME RUN (Flyball, 78XD), Distance : 370 ft
Batting: RHB Vito Middendorf 0-0: Fly out, F8 (Flyball, 78D)
Top of the 6th over - 2 runs, 2 hits, 0 errors, 0 left on base; Alloway 3 - Athletic Club KC 3
BOTTOM OF THE 6TH
Athletic Club KC Reserves batting - Pitching for Alloway Halberds : RHP António Marés
Batting: LHB Tsai Ng 0-0: Called Strike
0-1: Fly out, F6 (Flyball, 6MD)
Batting: RHB Andrés Medina 0-0: DOUBLE (Line Drive, 89XD)
Batting: RHB Dani Reyes 0-0: Called Strike
0-1: Ball
1-1: Ball
2-1: Ball
3-1: Foul Ball, location: 2F
3-2: Strikes out swinging
Batting: RHB Allen Williams 0-0: Ball
1-0: Ground out 5-3 (Groundball, 56)
Bottom of the 6th over - 0 runs, 1 hit, 0 errors, 1 left on base; Alloway 3 - Athletic Club KC 3
TOP OF THE 7TH
Alloway Halberds batting - Pitching for Athletic Club KC Reserves : RHP Jeremy G. Wentworth
Batting: RHB Carlos De Jesús 0-0: Ball
1-0: Ball
2-0: Called Strike
2-1: Ground out 3-1 (Groundball, 34)
Pinch Hitting: LHB Armando Becerra 0-0: Foul Ball, location: 2F
0-1: Foul Ball, location: 2F
0-2: Ball
1-2: Strikes out looking
Batting: RHB Juan Salinas 0-0: Ground out U3 (Groundball, 3)
Top of the 7th over - 0 runs, 0 hits, 0 errors, 0 left on base; Alloway 3 - Athletic Club KC 3
BOTTOM OF THE 7TH
Athletic Club KC Reserves batting - Pitching for Alloway Halberds : RHP António Marés
Now at 3B: Christovão Galho
Batting: RHB Geoff Rivers 0-0: Called Strike
0-1: Ball
1-1: Foul Ball, location: 2F
1-2: Ground out 6-3 (Groundball, 6)
Pinch Hitting: RHB Todd Blake 0-0: Swinging Strike
0-1: Foul Ball, location: 2F
0-2: Strikes out swinging
Batting: RHB Tony Osorio 0-0: Ground out 6-3 (Groundball, 6)
Bottom of the 7th over - 0 runs, 0 hits, 0 errors, 0 left on base; Alloway 3 - Athletic Club KC 3
TOP OF THE 8TH
Alloway Halberds batting - Pitching for Athletic Club KC Reserves : RHP Jeremy G. Wentworth
Pitching: RHP Kas Groen
Now at 3B: Iván Chacón
Batting: LHB Ricardo Ríos 0-0: Ball
1-0: Ball
2-0: Ball
3-0: Foul Ball, location: 2F
3-1: Base on Balls
Batting: LHB Juan Caro 0-0: Ball
1-0: Called Strike
1-1: Bunted foul
1-2: Ground out U3 (Groundball, 3S)
Ricardo Ríos to second
Batting: RHB Octávio Beltzán 0-0: Ball
1-0: Ball
2-0: Called Strike
2-1: Ball
3-1: Foul Ball, location: 2F
3-2: Strikes out swinging
Batting: LHB José Zarate 0-0: Fly out, F8 (Flyball, 8LD)
Top of the 8th over - 0 runs, 0 hits, 0 errors, 1 left on base; Alloway 3 - Athletic Club KC 3
BOTTOM OF THE 8TH
Athletic Club KC Reserves batting - Pitching for Alloway Halberds : RHP António Marés
Batting: LHB Wu-shun Chu 0-0: Called Strike
0-1: Ground out 3-1 (Groundball, 34)
Batting: RHB Filip Huigen 0-0: Called Strike
0-1: Swinging Strike
0-2: SINGLE (Line Drive, 4D)
Batting: LHB Tsai Ng 0-0: Ball
1-0: Ball
2-0: Swinging Strike
2-1: Swinging Strike
2-2: Ball
3-2: Foul Ball, location: 2F
3-2: Foul Ball, location: 2F
3-2: Fly out, F9 (Flyball, 89S)
Batting: RHB Andrés Medina 0-0: Ball
1-0: Fly out, F4 (Popup, 34)
Bottom of the 8th over - 0 runs, 1 hit, 0 errors, 1 left on base; Alloway 3 - Athletic Club KC 3
TOP OF THE 9TH
Alloway Halberds batting - Pitching for Athletic Club KC Reserves : RHP Kas Groen
Batting: RHB Jarred Morgan 0-0: Swinging Strike
0-1: Foul Ball, location: 2F
0-2: Strikes out looking
Batting: RHB Vito Middendorf 0-0: Foul Ball, location: 2F
0-1: Swinging Strike
0-2: Fly out, F4 (Popup, 4)
Batting: RHB Carlos De Jesús 0-0: SOLO HOME RUN (Flyball, 78XD), Distance : 379 ft
Batting: RHB Christovão Galho 0-0: Fly out, F9 (Line Drive, 9D)
Top of the 9th over - 1 run, 1 hit, 0 errors, 0 left on base; Alloway 4 - Athletic Club KC 3
BOTTOM OF THE 9TH
Athletic Club KC Reserves batting - Pitching for Alloway Halberds : RHP António Marés
Pitching: RHP Kenete Daku
Now in LF: Ramón Rivera
Pinch Hitting: SHB Fernando Luna 0-0: Ground out 4-3 (Groundball, 34S)
Batting: RHB Allen Williams 0-0: Ball
1-0: Ball
2-0: Called Strike
2-1: Fly out, F9 (Flyball, 9D)
Pinch Hitting: LHB Miguel Martínez 0-0: Called Strike
0-1: Ball
1-1: Ball
2-1: SINGLE (Groundball, 4MD)
Batting: RHB Iván Chacón 0-0: Called Strike
0-1: Ball
1-1: Fly out, F2 (Popup, 2R)
Bottom of the 9th over - 0 runs, 1 hit, 0 errors, 1 left on base; Alloway 4 - Athletic Club KC 3
Tuesday, December 19th, 2017 - OOTP Baseball 18.8 Build 76